Map: Neon Violet Square LE

Players

Zildark - Winner!

  • Race: Zerg Zerg
  • League: Platinum
  • Spawn Location: 11:00

Zoidberg

  • Race: Zerg Zerg
  • League: Platinum
  • Spawn Location: 5:00

VOD

Have the link to the VOD?

Description

Time

  • Played on: March 24, 2018, 4:35 p.m.
  • Length: 27:02
Show
View Real Time Build Order
Export as new Build Order

Zildark Zerg - Winner!

Build Orders: Hatch First, Zergling Baneling 

Get SALT Encoding   

  12  0:02  Drone  
  13  0:15  Overlord  
  13  0:21  Drone  
  14  0:38  Drone x3  
  17  0:55  Hatchery  
  16  1:00  Drone  
  16  1:03  Extractor  
  16  1:04  Drone  
  17  1:29  Spawning Pool  
  17  1:30  Drone x2  
  18  1:42  Drone  
  19  2:03  Overlord  
  19  2:16  Zergling x2  
  19  2:17  Zergling x6  
  19  2:18  Metabolic Boost  
  19  2:20  Queen  
  19  2:21  Queen  
  27  2:42  Baneling Nest  
  26  2:44  Drone x4  
  26  2:48  Zergling x2  
  31  2:57  Zergling x4  
  33  3:09  Zergling x4  
  33  3:11  Overlord  
  35  3:30  Baneling x3  
  35  3:31  Baneling x2  
  35  3:33  Zergling x10  
  35  3:34  Zergling x4  
  42  3:56  Drone  
  42  3:57  Drone x2, Evolution Chamber  
  42  3:58  Overlord x2  
  44  4:18  Drone x4  
  44  4:19  Drone x3  
  51  4:31  Extractor  
  51  4:33  Roach Warren, Zerg Missile Weapons Level 1  
  47  4:58  Baneling x3  
  47  5:01  Zergling x8  
  47  5:02  Zergling x4  
  53  5:11  Lair  
  53  5:17  Drone  
  53  5:19  Drone x3  
  57  5:32  Spine Crawler  
  56  5:54  Roach x2  
  56  5:56  Overlord x3  
  56  5:57  Hatchery  
  59  6:21  Roach  
  59  6:22  Roach x5  
  71  6:37  Hatchery  
  67  6:55  Glial Reconstitution, Zerg Ground Armor Level 1  
  67  6:56  Centrifical Hooks  
  67  6:59  Drone x3  
  69  7:19  Roach x4  
  69  7:20  Roach  
  69  7:22  Overlord x3  
  50  7:46  Roach x5  
  58  7:58  Overseer  
  58  8:02  Roach x2  
  58  8:03  Zergling x6  
  58  8:04  Zergling x6  
  68  8:17  Roach x3  
  74  8:21  Extractor  
  73  8:35  Drone x2, Extractor, Hatchery  
  73  8:40  Zergling x6  
  74  8:59  Hydralisk Den  
  74  9:00  Zerg Melee Weapons Level 1  
  74  9:02  Zergling x12  
  77  9:25  Roach x2  
  77  9:26  Roach x2  
  85  9:34  Roach x2  
  79  9:48  Zergling x2  
  79  9:49  Zergling x8  
  77  10:04  Zergling x10  
  80  10:16  Queen  
  82  10:21  Queen  
  82  10:28  Drone x8  
  89  10:29  Drone x3  
  95  10:42  Grooved Spines  
  95  10:57  Zerg Missile Weapons Level 2  
  88  11:15  Roach  
  88  11:16  Hydralisk, Roach x7  
  88  11:17  Roach x3, Hydralisk  
  114  11:27  Overlord x2  
  114  11:28  Overlord  
  97  11:45  Roach  
  97  11:46  Roach x8  
  97  11:55  Hydralisk x3  
  97  11:56  Hydralisk  
  97  11:57  Zergling x2  
  110  12:08  Roach x4  
  110  12:13  Ravager x3  
  110  12:14  Ravager x2  
  119  12:19  Ravager x2  
  119  12:22  Roach x3  
  125  12:45  Hydralisk x4  
  125  12:46  Hydralisk x2  
  137  12:51  Extractor  
  115  13:09  Hydralisk x4  
  115  13:10  Hydralisk x3  
  123  13:30  Extractor  
  123  13:31  Drone x3  
  123  13:32  Drone x2  
  127  13:38  Muscular Augments  
  127  14:00  Hydralisk x5  
  137  14:10  Infestation Pit  
  136  14:20  Extractor  
  136  14:21  Extractor  
  136  14:22  Drone x4  
  138  14:25  Overlord x2  
  138  14:26  Overlord x3  
  138  14:50  Hive  
  138  14:51  Zerg Ground Armor Level 2  
  138  14:57  Zergling x4  
  138  14:58  Zergling x18  
  138  14:59  Zergling x8  
  153  15:19  Hatchery  
  152  15:47  Hatchery  
  151  15:55  Drone x2  
  151  15:56  Drone, Overlord  
  151  15:57  Overlord x3  
  154  16:07  Lurker Den  
  146  17:10  Spore Crawler x2  
  146  17:14  Spore Crawler  
  143  17:16  Spore Crawler  
  121  17:33  Adaptive Talons  
  121  17:37  Lurker x5  
  121  17:38  Lurker x4  
  121  17:41  Hydralisk x7  
  121  17:42  Hydralisk x7  
  114  18:02  Hydralisk x5  
  122  18:05  Overseer  
  122  18:19  Zerg Missile Weapons Level 3  
  122  18:39  Ultralisk Cavern  
  121  18:45  Hydralisk x6  
  87  19:23  Lurker x4  
  87  19:24  Lurker, Overseer  
  86  19:27  Zergling x8  
  86  19:28  Zergling x14, Hydralisk  
  99  19:46  Hydralisk x4  
  84  20:11  Hydralisk x5  
  84  20:12  Zergling x4  
  84  20:13  Zergling x6  
  77  20:39  Lurker x3  
  80  20:44  Overseer  
  80  20:52  Extractor  
  80  20:53  Drone x3, Overseer  
  80  20:54  Drone x5  
  80  20:55  Drone x4  
  91  21:11  Zerg Ground Armor Level 3  
  91  21:21  Queen, Extractor  
  92  21:48  Ultralisk x2  
  104  22:11  Viper x2  
  110  22:29  Hatchery  
  109  22:44  Adrenal Glands  
  109  22:46  Chitinous Plating  
  109  23:02  Ultralisk  
  109  23:05  Viper  
  118  23:09  Hydralisk x4  
  126  23:33  Pneumatized Carapace  
  126  23:50  Zerg Melee Weapons Level 2  
  126  23:58  Extractor  
  126  24:00  Extractor  
  124  24:06  Hydralisk  
  124  24:07  Hydralisk x7  
  124  24:08  Hydralisk x3  
  145  24:37  Lurker  
  145  24:38  Lurker x3  
  149  24:50  Drone x2  
  151  25:03  Overlord x4  
  151  25:47  Hydralisk x9  
  151  25:48  Hydralisk x7  
  151  25:49  Hydralisk x7  
  191  25:50  Hydralisk  
Show
View Real Time Build Order
Export as new Build Order

Zoidberg Zerg 

Build Orders: Hatch First 

Get SALT Encoding   

  12  0:01  Drone  
  13  0:13  Overlord  
  13  0:18  Drone  
  14  0:32  Drone x2  
  16  0:37  Drone  
  17  0:54  Hatchery  
  17  0:57  Drone  
  17  0:59  Extractor  
  17  1:03  Drone  
  17  1:17  Spawning Pool  
  16  1:25  Drone x2  
  18  1:29  Drone  
  19  1:40  Overlord  
  19  2:07  Zergling x6  
  22  2:09  Queen x2  
  26  2:37  Drone  
  26  2:38  Overlord  
  26  2:40  Drone  
  28  2:54  Baneling Nest  
  27  3:13  Zergling x4, Drone x4  
  33  3:21  Metabolic Boost  
  33  3:44  Drone x4  
  33  3:45  Drone x2, Overlord  
  39  3:49  Roach Warren  
  38  4:00  Pneumatized Carapace  
  38  4:02  Drone x3  
  41  4:03  Drone  
  42  4:24  Baneling  
  42  4:32  Overlord x2  
  42  4:34  Roach x4  
  42  4:35  Roach  
  42  4:37  Lair  
  51  5:03  Drone x2  
  51  5:05  Drone  
  55  5:14  Drone x6, Hatchery  
  55  5:15  Drone x2  
  55  5:17  Extractor  
  55  5:18  Queen, Extractor  
  55  5:19  Overlord  
  61  5:48  Overseer  
  61  5:49  Roach  
  73  5:50  Overlord, Roach x5  
  73  5:53  Queen  
  75  6:04  Overlord x2  
  75  6:05  Glial Reconstitution  
  71  6:40  Zergling x6  
  71  6:42  Roach x6  
  71  6:43  Roach x3  
  82  6:57  Baneling  
  82  7:02  Baneling x2  
  82  7:03  Baneling x3  
  82  7:09  Drone x4  
  86  7:18  Overlord x2  
  86  7:19  Drone  
  86  7:22  Extractor  
  86  7:23  Evolution Chamber  
  86  7:25  Evolution Chamber  
  77  7:38  Roach x10  
  93  7:53  Zerg Missile Weapons Level 1  
  93  8:09  Drone x6  
  93  8:10  Drone x6  
  93  8:11  Drone  
  106  8:17  Zergling x4  
  108  8:26  Ravager x2  
  110  8:28  Ravager  
  110  8:32  Zerg Ground Armor Level 1  
  111  8:38  Extractor  
  111  8:39  Extractor  
  109  8:46  Drone  
  110  8:51  Roach  
  110  8:52  Overlord x3, Roach x5  
  122  9:06  Hatchery  
  122  9:07  Overseer  
  121  9:16  Roach x5  
  121  9:17  Roach x5  
  137  9:26  Zergling x10  
  128  9:57  Roach  
  128  9:58  Roach x10  
  107  10:25  Drone x9  
  107  10:28  Queen x2  
  116  10:30  Overlord x2  
  116  10:31  Overlord  
  120  10:46  Spire  
  120  10:47  Baneling x6  
  120  10:48  Centrifical Hooks  
  109  11:02  Roach x4  
  109  11:03  Roach x11  
  136  11:19  Hatchery  
  135  11:27  Zerg Missile Weapons Level 2  
  135  11:28  Zerg Ground Armor Level 2  
  131  11:37  Roach  
  131  11:38  Roach x9  
  130  11:58  Mutalisk x5  
  130  11:59  Mutalisk  
  142  12:09  Overlord x4  
  142  12:27  Roach x6  
  154  12:52  Mutalisk x4  
  154  12:53  Mutalisk x4  
  140  13:12  Roach  
  138  13:13  Roach x7  
  126  13:38  Hydralisk Den  
  123  14:20  Hydralisk x3  
  129  14:32  Grooved Spines  
  129  14:51  Hydralisk  
  129  14:52  Hydralisk x18, Extractor  
  132  14:53  Hydralisk x2  
  132  14:54  Extractor  
  169  15:24  Lurker Den  
  168  15:41  Zergling x10  
  168  15:42  Zergling x2  
  174  15:43  Hydralisk x8  
  190  16:02  Drone x4  
  190  16:03  Drone x3  
  197  16:24  Drone  
  189  16:33  Baneling  
  189  16:34  Baneling x11  
  180  16:59  Lurker x6  
  186  17:01  Overlord  
  186  17:02  Overlord x4  
  157  17:31  Lurker  
  157  17:32  Lurker x5  
  157  17:33  Hydralisk  
  157  17:34  Hydralisk x2  
  135  18:06  Overseer  
  135  18:08  Overseer  
  135  18:10  Overseer  
  135  18:20  Hydralisk x5  
  102  19:33  Lurker x4  
  102  19:34  Lurker x2  
  108  19:43  Hatchery  
  105  19:47  Overseer  
  65  21:11  Hatchery  
  64  21:23  Drone x15  
  79  21:47  Queen, Extractor, Lair  
  79  21:50  Drone, Extractor  
  79  21:51  Drone x4  
  79  21:52  Drone x2  
  86  22:05  Hydralisk x6  
  98  22:31  Extractor  
  98  22:32  Hydralisk x6  
  98  22:33  Extractor  
  108  22:50  Drone x2  
  110  23:24  Hydralisk x5, Hatchery  
  110  23:25  Hydralisk x7  
  110  23:27  Extractor  
  132  23:31  Extractor  
  132  23:32  Infestation Pit  
  130  23:38  Overlord x3  
  130  23:41  Overseer x2  
  130  24:22  Hive  
  130  24:51  Hydralisk x17  
  130  24:52  Hydralisk x5  
  174  25:16  Hydralisk x8  
  174  25:37  Lurker x4  
  174  25:38  Lurker x4  
  174  25:42  Lurker x7  
  182  25:43  Lurker  
  182  25:49  Adaptive Talons  
  182  26:00  Hatchery  
Tags
 
Add a new tag
Caveats
  • Supply blocks, unpowered buildings, or Contaminate may cause inaccurate times.
  • Supply counts are checked every 10 seconds.